AoeStats
← Kritika

African Clearing

510746313Analyzed
4v4 RM · 1d ago on Oct 2, 2026· 15m 59s· 8 players
Game mode
Random Map
Map size
Large (8 player)
Population
200
Speed
Normal
Resources
Standard
Victory
Conquest
Starting age
Dark Age
Ending age
Imperial Age
RankedLock teamsTeams togetherTeam positionsShared explorationLock speedFull tech treeHidden civsTurbo modeCheats
Victory
Defeat
🇯🇵 Saracens · Japan
1459
+16
🇮🇳 Magyars · India
1413
+18
🇫🇷 Hindustanis · France
1368
+21
🇮🇳 Turks · India
1354
+20
🇨🇳 Vietnamese · China
1482
-19
🇨🇳 Dravidians · China
1461
-19
🇨🇳 Spanish · China
1456
-19
🇨🇳 Saracens · China
1430
-18
Kritika
4:32 Loom
11:38 Feudal Age
15:20 Fletching
23
7:45 Loom
11:57 Feudal Age
13:11 Double-Bit Axe
14:54 Horse Collar
Inf4me
8:52 Loom
12:36 Feudal Age
13:11 Double-Bit Axe
fumisaiji
5:37 Loom
11:55 Feudal Age
12:39 Double-Bit Axe
13:39 Fletching
16:34 Padded Archer Armor
neutron_star
6:53 Loom
13:39 Feudal Age
箜声
14:16 Feudal Age
13:23 Loom
15:56 Double-Bit Axe
18:16 Castle Age
ElitePlastic
4:59 Loom
12:55 Feudal Age
13:40 Double-Bit Axe
16:41 Castle Age
薯条王其露诺
4:52 Loom
12:07 Feudal Age
14:09 Fletching
Connection lost

Rejoining the realm…

Still unreachable

The connection could not be restored.

Session expired

The server has moved on; the page needs a fresh start.